 Dungeon Crawl Stone Soup version 0.18-a0-1577-gf591c28 (webtiles) character file.

193076 dvd the Imperceptible (level 17, -2/77 HPs)
             Began as a Spriggan Enchanter on Mar 22, 2016.
             Was a High Priest of Dithmenos.
             Slain by a merfolk
             ... wielding a +0 trident
              (26 damage)
             ... on level 4 of the Shoals on Mar 24, 2016.
             The game lasted 03:56:47 (38872 turns).

dvd the Imperceptible (Spriggan Enchanter)         Turns: 38872, Time: 03:56:48

Health: -2/77      AC: 14    Str:  4    XL:     17   Next: 63%
Magic:  33/48      EV: 38    Int: 24    God:    Dithmenos [*****.]
Gold:   3245       SH: 11    Dex: 24    Spells: 11 memorised, 18 levels left

rFire  + . .     SeeInvis +     a - +9 dagger (venom)
rCold  + . .     Gourm    .     J - +2 robe {rC+}
rNeg   . . .     Faith    .     P - +3 buckler {reflect}
rPois  +         Spirit   .     I - +2 hat
rElec  +         Dismiss  .     U - +2 cloak
rCorr  .         Reflect  +     (gloves unavailable)
SustAt .         Harm     +     (boots unavailable)
MR     +++..                    R - amulet "Naleidam" {Harm *Drain rF+ Int+3}
Stlth  ++++++++++               O - +5 ring of protection
                                T - ring of the Present {rElec rPois MP+9 Stlth+}

@: agile, about to teleport, wreathed by umbra, very quick, extremely resistant
to hostile enchantments, uncannily stealthy
A: unfitting armour, see invisible, herbivore 3, speed 3, magic resistance 1,
slow metabolism 2, wild magic 1
a: Shadow Step, Shadow Form, Renounce Religion
}: 1/15 runes: gossamer


You were on level 4 of the Shoals.
You worshipped Dithmenos.
Dithmenos was extremely pleased with you.
You were not hungry.

You visited 6 branches of the dungeon, and saw 34 of its levels.
You also visited: Ice Cave.

You collected 3516 gold pieces.
You spent 271 gold pieces at shops.

Inventory:

Hand Weapons
 a - a +9 dagger of venom (weapon)
 r - a +2 rapier of electrocution
 M - a +2 rapier of protection
 V - a +1 rapier of speed
Armour
 I - a +2 hat (worn)
 J - a +2 robe of cold resistance (worn)
 P - a +3 buckler of reflection (worn)
 Q - a +0 buckler of fire resistance
 U - a +2 cloak (worn)
Jewellery
 n - an uncursed ring of protection from cold
 q - a +6 ring of evasion
 z - an uncursed ring of resist corrosion
 O - a +5 ring of protection (right hand)
 R - the amulet "Naleidam" (around neck) {Harm *Drain rF+ Int+3}
   (You found it on level 5 of the Lair of Beasts)

   [amulet of harm]

   It increases damage dealt and taken.
   It affects your intelligence (+3).
   It protects you from fire.
 T - the ring of the Present (left hand) {rElec rPois MP+9 Stlth+}
   (You found it on level 5 of the Lair of Beasts)

   [ring of poison resistance]

   It insulates you from electricity.
   It protects you from poison.
   It affects your magic capacity (+9).
   It makes you more stealthy.
Wands
 b - a wand of iceblast (11/15)
 l - a wand of iceblast (4/15)
 u - a wand of confusion (9/48)
 w - a wand of slowing (41/48)
 y - a wand of teleportation (5/9)
 A - a wand of disintegration (18/24)
 C - a wand of paralysis (11/24)
 D - a wand of teleportation (6/9)
 G - a wand of lightning (10/15)
 K - a wand of confusion (33/48)
 L - a wand of acid (3/15)
 S - a wand of teleportation (3/9)
Scrolls
 g - 7 scrolls of recharging
 h - 9 scrolls of identify
 j - 14 scrolls of remove curse
 m - 9 scrolls of teleportation
 s - a scroll of amnesia
 v - 2 scrolls of fog
 x - 3 scrolls of fear
 B - 2 scrolls of magic mapping
 Y - a scroll of silence
Potions
 e - 10 potions of curing
 i - 3 potions of cancellation
 k - a potion of berserk rage
 o - 2 potions of haste
 t - 2 potions of invisibility
 E - 5 potions of agility
 F - a potion of heal wounds
 N - 5 potions of ambrosia
 X - a potion of brilliance
Books
 c - a book of Unlife

   Spells                             Type                      Level
   a - Recall                         Summoning/Translocation      3
   b - Animate Dead                   Necromancy                   4
   c - Control Undead                 Necromancy                   4
   d - Cigotuvi's Embrace             Necromancy                   5
   e - Death Channel                  Necromancy                   6
   f - Simulacrum                     Ice/Necromancy               6
 H - Roxanne's Grimoire of Earth
   (You took it off Roxanne on level 3 of the Spider Nest)

   Spells                             Type                      Level
   a - Sandblast                      Earth                        1
   b - Stone Arrow                    Conjuration/Earth            3
   c - Petrify                        Transmutation/Earth          4
   d - Bolt of Magma                  Conjuration/Fire/Earth       5
   e - Statue Form                    Transmutation/Earth          6
Comestibles
 d - 19 bread rations
 f - 23 fruits


   Skills:
 + Level 3.5 Fighting
 + Level 6.8 Short Blades
 + Level 13.2 Dodging
 + Level 24.4 Stealth
 + Level 3.9 Shields
 + Level 17.5 Spellcasting
 + Level 0.2 Conjurations
 + Level 14.8 Hexes
 + Level 10.4 Charms
 + Level 0.8 Summonings
 + Level 6.0 Necromancy
 + Level 7.4 Translocations
 + Level 6.8 Ice Magic
 + Level 3.2 Invocations
 + Level 3.0 Evocations


You had 18 spell levels left.
You knew the following spells:

 Your Spells              Type           Power        Failure   Level  Hunger
a - Animate Dead          Necr           N/A          7%          4    None
b - Ensorcelled Hibernat  Hex/Ice        ######       1%          2    None
c - Confuse               Hex            #######.     1%          3    None
d - Tukima's Dance        Hex            #######.     1%          3    None
e - Metabolic Englaciati  Hex/Ice        #######...   3%          5    None
f - Blink                 Tloc           N/A          1%          2    None
g - Shroud of Golubria    Chrm/Tloc      #######...   1%          2    None
h - Regeneration          Chrm/Necr      ######....   2%          3    None
i - Fulminant Prism       Conj/Hex       ######....   4%          4    None
j - Cure Poison           Pois           ####......   13%         2    None
k - Recall                Summ/Tloc      N/A          4%          3    None


Dungeon Overview and Level Annotations

Branches:
Dungeon (15/15)            Temple (1/1) D:6            Lair (8/8) D:10
 Shoals (4/4) Lair:5       Spider (4/4) Lair:6        Slime (0/6) Lair:8
    Orc (2/2) D:12            Elf (0/3) Orc:2        Vaults (0/5) D:13
 Depths (0/5) D:15

Altars:
Ashenzari
Cheibriados
Dithmenos
Elyvilon
Fedhas
Gozag
Kikubaaqudgha
Makhleb
Nemelex Xobeh
Okawaru
Pakellas
Qazlal
Ru
Sif Muna
Trog
Vehumet
Xom
Yredelemnul
Zin
The Shining One
Beogh

Shops:
D:4 (   D:12 *   Orc:2 (=?*   Shoals:1 (   Shoals:3 ?

Annotations:
D:12 exclusion: obsidian statue
Shoals:4 Ilsuiw


Innate Abilities, Weirdness & Mutations

You are tiny and cannot use many weapons and most armour.
You have supernaturally acute eyesight.
You are a herbivore.
You cover ground extremely quickly.
You need consume almost no food.
You are resistant to hostile enchantments.
Your spells are a little harder to cast, but a little more powerful.


Message History

You hear a splash.
Read which item? (? for menu, Esc to quit)
As you read the scroll of teleportation, it crumbles to dust.
You feel strangely unstable.
The water nymph gestures at you while chanting.
The water swirls and strikes you!
Your bloodstained halberd {freeze} hits the merfolk!!
Your bloodstained halberd {freeze} freezes the merfolk.
The merfolk completely misses you.
The merfolk javelineer throws a javelin.
The javelin hits your bloodstained halberd {freeze}!
You hear a splash.
Your unstable footing causes you to fumble your attack.
Your bloodstained halberd {freeze} falls from the air.
You hear a splash.
The merfolk completely misses you.
The water nymph points at you and mumbles some strange words.
The water swirls and strikes you!
You emit a cloud of dark smoke.
The merfolk hits you from afar with a trident!!
You die...

#≈.m≈≈≈≈≈.....≈≈....###....##..≈≈
##..≈≈≈≈≈≈...≈≈m....###..≈.#....≈
#..≈≈≈≈≈≈≈..≈≈≈....##..≈≈.......
#..≈≈≈≈≈≈≈≈t≈≈m..≈≈.....≈.......
#..≈≈≈≈≈≈≈≈≈≈≈....≈≈.........)..
...≈≈≈≈≈≈≈≈≈≈≈≈.#..≈≈≈.....≈...≈≈
≈≈≈≈≈...(≈m≈≈≈≈...≈≈≈≈...≈≈≈≈≈≈≈≈
≈.......≈≈≈≈≈)≈§§m≈≈≈.##.≈≈..≈≈≈≈
...#####.≈≈≈≈[m(@≈≈≈≈.......≈≈≈≈≈
.## #.≈≈≈≈≈m(≈≈≈≈..≈≈....≈≈≈≈≈
#.≈≈≈≈≈≈≈≈≈≈≈≈≈≈≈....≈≈≈≈≈
#.≈≈≈≈≈≈≈≈≈≈≈≈≈≈≈≈≈≈≈≈(≈≈≈≈
..≈≈≈≈≈≈≈≈≈≈≈≈≈≈≈≈≈≈≈≈≈≈≈≈≈
≈≈≈≈≈≈≈≈≈≈≈≈≈≈≈≈≈≈≈≈≈≈≈≈≈
≈≈≈≈≈≈≈≈≈≈≈≈≈≈≈≈≈≈≈≈≈
≈≈≈≈≈≈≈≈≈≈≈≈≈≈≈≈≈≈≈≈≈
≈≈≈≈≈≈≈≈≈≈≈≈≈≈≈≈≈≈≈≈


You could see Ilsuiw (invisible), a merfolk javelineer, a snapping turtle, 3
merfolk and a water nymph.

Vanquished Creatures
  Norris (Spider:1)
  Arachne (Spider:3)
  Jorgrun (Spider:3)
  Asterion (Spider:3)
  Kirke (Lair:7)
  A kraken (Shoals:3)
  Louise (Spider:1)
  6 emperor scorpions
  The ghost of Cenon the Brawler, an adept VSTm of Okawaru (Spider:3)
  5 ghost moths
  An orc warlord (Orc:1)
  3 spark wasps
  Snorg (Orc:1)
  A merfolk impaler (Shoals:1)
  An ogre mage (D:15)
  An entropy weaver (Spider:4)
  Fannar (D:11)
  5 hydras
  A catoblepas (D:13)
  Erolcha (Orc:1)
  The ghost of Fartwhistle the Grappler, a journeyman VSMo of Cheibriados (Lair:2)
  An alligator snapping turtle (Shoals:4)
  4 centaur warriors
  2 satyrs (Shoals:3)
  3 tengu warriors (D:13)
  2 merfolk aquamancers
  Sonja (Lair:2)
  Nergalle (Orc:1)
  4 sea snakes
  An unseen horror (D:13)
  A wizard (D:13)
  A deep troll (D:15)
  5 hill giants
  4 lindwurms (Lair:5)
  4 orc knights
  A necromancer (IceCv)
  6 harpies
  4 deep elf magi
  15 orb spiders
  22 wolf spiders
  3 fauns (Shoals:2)
  3 griffons
  8 manticores
  7 ugly things
  3 hornets
  2 cyclopes
  2 centaur zombies
  6 black mambas
  A siren (Shoals:2)
  15 elephants
  2 torpor snails (Lair:7)
  5 water nymphs
  A guardian serpent (D:13)
  14 spiny frogs
  A rime drake (Lair:7)
  A yaktaur (D:15)
  12 komodo dragons
  A tengu conjurer (D:13)
  11 freezing wraiths
  7 demonic crawlers
  A spriggan druid (Lair:8)
  21 jumping spiders
  6 polar bears
  2 wind drakes
  7 merfolk
  3 two-headed ogres
  A boulder beetle (Spider:3)
  12 blink frogs
  3 trolls
  5 snapping turtles
  61 redbacks
  49 yaks
  2 shadows (D:14)
  5 water elementals
  7 spriggans
  21 tarantellas
  A wraith (D:11)
  2 wyverns
  10 hippogriffs
  A hungry ghost (D:9)
  4 basilisks
  A steam dragon (D:7)
  A death yak simulacrum (IceCv)
  2 wargs
  A mottled dragon (D:14)
  4 vampire mosquitoes (D:14)
  Edmund (D:5)
  A soldier ant (D:13)
  Duvessa (D:7)
  25 water moccasins
  11 porcupines
  24 orc warriors
  4 wasps
  12 ice beasts
  7 black bears
  A phantom (D:12)
  A necrophage (D:14)
  11 ogres
  An eye of draining (D:11)
  4 sky beasts
  46 wolves
  8 crocodiles
  24 centaurs
  The ghost of gullinbursti the Sneak, an amateur HaAs of Elyvilon (D:3)
  20 giant frogs
  A wyvern zombie (D:15)
  Dowan (D:7)
  4 scorpions
  A howler monkey (D:11)
  3 vampire bats (Orc:2)
  7 wights
  4 electric eels
  4 crimson imps
  A draconian simulacrum (IceCv)
  A quasit (D:11)
  3 giant frog skeletons
  7 hounds
  4 centaur skeletons
  A jelly (D:6)
  18 orc wizards
  19 orc priests
  6 iguanas
  A troll simulacrum (IceCv)
  2 spriggan simulacra (IceCv)
  9 worker ants
  A polar bear simulacrum (IceCv)
  11 sheep
  2 wolf simulacra (IceCv)
  5 centaur simulacra
  A giant frog simulacrum (D:13)
  A hound zombie (D:9)
  A howler monkey zombie (D:9)
  3 gnolls (Orc:2)
  A naga simulacrum (IceCv)
  11 adders
  An ogre simulacrum (IceCv)
  50 river rats
  4 shadow imps
  14 white imps
  An ufetubus (D:13)
  An ooze (D:3)
  2 adder skeletons
  A worm (D:2)
  2 dart slugs (D:2)
  3 giant geckos
  78 orcs
  6 giant cockroaches
  6 goblins
  8 hobgoblins
  21 jackals
  5 quokkas
  A ball python (D:2)
  10 bats
  A giant gecko skeleton (D:4)
  4 giant newts
  2 kobolds
  2 quokka skeletons
  A quokka zombie (D:5)
  5 rats
  A fungus (Lair:8)
  A plant (Shoals:1)
1024 creatures vanquished.

Vanquished Creatures (collateral kills)
  Nikola (Spider:2)
  Roxanne (Spider:3)
  A spark wasp (Spider:3)
  A merfolk javelineer (Shoals:4)
  An ettin (D:15)
  A merfolk impaler (Shoals:4)
  3 entropy weavers
  3 merfolk aquamancers
  Urug (Orc:1)
  2 hill giants
  2 harpies
  7 orb spiders
  A hornet (Spider:4)
  8 wolf spiders
  A manticore (Shoals:4)
  A siren (Shoals:3)
  A moth of wrath (Spider:1)
  A water nymph (Shoals:4)
  7 demonic crawlers
  A tengu conjurer (D:15)
  12 jumping spiders
  5 merfolk
  A snapping turtle (Shoals:2)
  25 redbacks
  9 tarantellas
  2 water elementals
  4 spriggans (Lair:8)
  Sigmund (D:5)
  A warg (Orc:1)
  20 orc warriors
  6 wasps (Spider:4)
  2 ogres
  2 wights (D:11)
  3 electric eels (D:14)
  4 orc priests (Orc:1)
  An orc wizard (Orc:1)
  17 orcs
  3 plants
163 creatures vanquished.

Vanquished Creatures (others)
  A wolf spider (Spider:4)
  12 dancing weapons
  A human (Lair:7)
  3 centaurs
  An orc wizard (D:15)
  An orc (Orc:2)
  24 fulminant prisms
  4 fungi
  8 plants
55 creatures vanquished.

Grand Total: 1242 creatures vanquished

Notes
Turn   | Place    | Note
--------------------------------------------------------------
     0 | D:1      | dvd the Spriggan Enchanter began the quest for the Orb.
     0 | D:1      | Reached XP level 1. HP: 9/9 MP: 5/5
    11 | D:1      | Noticed an electric eel
   665 | D:1      | Reached XP level 2. HP: 13/13 MP: 3/6
   761 | D:1      | Learned a level 2 spell: Ensorcelled Hibernation
  1968 | D:2      | Reached XP level 3. HP: 16/16 MP: 8/8
  1976 | D:2      | Found a radiant altar of Vehumet.
  2013 | D:2      | Learned a level 3 spell: Confuse
  2041 | D:2      | Reached skill level 5 in Stealth
  2449 | D:2      | Reached XP level 4. HP: 21/21 MP: 5/10
  2463 | D:2      | Found a faded altar to an unknown god.
  2882 | D:3      | Noticed gullinbursti's ghost (amateur HaAs)
  2951 | D:3      | Killed gullinbursti's ghost
  2951 | D:3      | Reached skill level 6 in Stealth
  2951 | D:3      | Reached XP level 5. HP: 24/24 MP: 0/11
  3711 | D:3      | Reached skill level 1 in Ice Magic
  4224 | D:3      | Learned a level 3 spell: Tukima's Dance
  4702 | D:4      | Found a white marble altar of Elyvilon.
  4747 | D:4      | Reached skill level 7 in Stealth
  4747 | D:4      | Reached XP level 6. HP: 28/28 MP: 13/13
  4839 | D:4      | Reached skill level 5 in Hexes
  4857 | D:4      | Found Todig's Weapon Shop.
  5416 | D:4      | Found a shadowy altar of Dithmenos.
  5426 | D:4      | Became a worshipper of Dithmenos the Shadowed
  5464 | D:5      | Entered Level 5 of the Dungeon
  5547 | D:5      | Noticed Edmund
  5569 | D:5      | Killed Edmund
  5569 | D:5      | Reached skill level 8 in Stealth
  5569 | D:5      | Reached XP level 7. HP: 20/32 MP: 10/15
  5717 | D:5      | Reached skill level 5 in Spellcasting
  5959 | D:5      | Noticed Sigmund
  5986 | D:5      | Killed Sigmund
  6404 | D:6      | Reached skill level 9 in Stealth
  6668 | D:6      | Reached * piety under Dithmenos
  6672 | D:6      | Reached XP level 8. HP: 36/36 MP: 10/18
  6816 | D:6      | Found a staircase to the Ecumenical Temple.
  6827 | Temple   | Entered the Ecumenical Temple
  6923 | D:6      | Found a sacrificial altar of Ru.
  6964 | D:6      | Found a stormy altar of Qazlal.
  7156 | D:7      | Reached skill level 10 in Stealth
  7181 | D:7      | Reached skill level 5 in Dodging
  7752 | D:7      | Noticed Duvessa
  7752 | D:7      | Noticed Dowan
  7769 | D:7      | Killed Dowan
  7769 | D:7      | Reached skill level 11 in Stealth
  7769 | D:7      | Reached XP level 9. HP: 40/40 MP: 13/20
  7781 | D:7      | Killed Duvessa
  8020 | D:8      | Found a white marble altar of Elyvilon.
  8020 | D:8      | Noticed a deep elf mage
  8027 | D:8      | Killed a deep elf mage
  8198 | D:8      | Found a glowing golden altar of the Shining One.
  8199 | D:8      | Reached skill level 12 in Stealth
  8412 | D:8      | Reached ** piety under Dithmenos
  8611 | D:8      | Reached skill level 1 in Fighting
  8754 | D:9      | Reached skill level 13 in Stealth
  8848 | D:9      | Found a bloodstained altar of Trog.
  9046 | D:9      | Found a blossoming altar of Fedhas.
  9128 | D:9      | Reached XP level 10. HP: 45/45 MP: 23/23
  9231 | D:9      | Noticed a deep elf mage
  9234 | D:9      | Killed a deep elf mage
  9327 | D:9      | Reached skill level 14 in Stealth
  9634 | D:10     | Entered Level 10 of the Dungeon
  9795 | D:10     | Found a staircase to the Lair.
  9843 | D:10     | Reached *** piety under Dithmenos
 10381 | D:11     | Noticed Fannar
 10381 | D:11     | Noticed a purple ugly thing
 10382 | D:11     | Killed Fannar
 10382 | D:11     | Reached skill level 15 in Stealth
 10383 | D:11     | Killed a purple ugly thing
 10609 | D:11     | Noticed a white ugly thing
 10865 | D:11     | Reached skill level 10 in Spellcasting
 11010 | D:11     | Learned a level 5 spell: Metabolic Englaciation
 11033 | D:11     | Killed a white ugly thing
 11033 | D:11     | Reached XP level 11. HP: 49/49 MP: 15/26
 11105 | D:11     | Noticed a centaur warrior
 11112 | D:11     | Killed a centaur warrior
 11286 | D:11     | Reached skill level 16 in Stealth
 11359 | D:11     | Reached **** piety under Dithmenos
 11617 | D:11     | Noticed a deep elf mage
 11629 | D:11     | Killed a deep elf mage
 11676 | D:11     | Noticed a white ugly thing
 11683 | D:11     | Killed a white ugly thing
 11829 | D:12     | Reached skill level 10 in Hexes
 11954 | D:12     | Learned a level 2 spell: Blink
 11981 | D:12     | Found Icaoc's Assorted Antiques.
 11987 | D:12     | Bought a glowing buckler for 144 gold pieces
 12047 | D:12     | Noticed an obsidian statue
 12101 | D:12     | Found a staircase to the Orcish Mines.
 12118 | D:12     | Found a roughly hewn altar of Beogh.
 12329 | D:12     | Learned a level 2 spell: Shroud of Golubria
 12951 | Lair:1   | Entered Level 1 of the Lair of Beasts
 13229 | Lair:1   | Reached skill level 1 in Shields
 13472 | Lair:1   | Reached skill level 17 in Stealth
 13970 | Lair:2   | Reached ***** piety under Dithmenos
 14021 | Lair:2   | Noticed Fartwhistle's ghost (journeyman VSMo)
 14031 | Lair:2   | Killed Fartwhistle's ghost
 14305 | Lair:2   | Reached XP level 12. HP: 54/54 MP: 25/28
 14343 | Lair:2   | Reached skill level 1 in Translocations
 14351 | Lair:2   | Reached skill level 18 in Stealth
 14447 | Lair:2   | Noticed Sonja
 14454 | Lair:2   | Killed Sonja
 14454 | Lair:2   | Reached skill level 1 in Charms
 14784 | Lair:3   | Gained mutation: Your body sometimes deteriorates upon taking damage. [potion of mutation]
 14784 | Lair:3   | Gained mutation: You are resistant to hostile enchantments. [potion of mutation]
 14784 | Lair:3   | Gained mutation: You are robust (+10% HP). [potion of mutation]
 14785 | Lair:3   | Gained mutation: You tend to lose your temper in combat. [potion of mutation]
 14785 | Lair:3   | Gained mutation: Your spells are a little harder to cast, but a little more powerful. [potion of mutation]
 14785 | Lair:3   | Lost mutation: You are robust (+10% HP). [potion of mutation]
 14889 | Lair:3   | Lost mutation: Your body sometimes deteriorates upon taking damage. [potion of cure mutation]
 14889 | Lair:3   | Lost mutation: You tend to lose your temper in combat. [potion of cure mutation]
 15072 | Lair:3   | Noticed a five-headed hydra
 15076 | Lair:3   | Killed a five-headed hydra
 15734 | Lair:4   | Reached skill level 19 in Stealth
 16860 | Lair:5   | Identified a +4 rod of clouds (10/10) (You found it on level 5 of the Lair of Beasts)
 16888 | Lair:5   | Reached skill level 5 in Charms
 16888 | Lair:5   | Reached skill level 5 in Ice Magic
 16900 | Lair:5   | Found a staircase to the Shoals.
 17209 | Lair:5   | Noticed an eight-headed hydra
 17212 | Lair:5   | Killed an eight-headed hydra
 17212 | Lair:5   | Reached XP level 13. HP: 58/58 MP: 25/30
 17759 | Lair:5   | Reached ****** piety under Dithmenos
 17809 | Lair:5   | Got a smoking iron amulet
 17813 | Lair:5   | Got a shimmering silver ring
 17829 | Lair:5   | Identified the ring of the Present {rElec rPois MP+9 Stlth+} (You found it on level 5 of the Lair of Beasts)
 17830 | Lair:5   | Identified the amulet "Naleidam" {Harm *Drain rF+ Int+3} (You found it on level 5 of the Lair of Beasts)
 18115 | Lair:6   | Found a hole to the Spider Nest.
 18529 | Lair:6   | Learned a level 3 spell: Regeneration
 19125 | Lair:7   | Reached skill level 20 in Stealth
 19565 | Lair:7   | Noticed Kirke
 19569 | Lair:7   | Killed Kirke
 19569 | Lair:7   | Reached skill level 5 in Translocations
 19584 | Lair:7   | Reached skill level 1 in Necromancy
 19587 | Lair:7   | Found a runed door.
 20528 | Lair:8   | Entered Level 8 of the Lair of Beasts
 20748 | Lair:8   | Reached XP level 14. HP: 63/63 MP: 23/31
 20944 | Lair:8   | Found a staircase to the Slime Pits.
 21550 | Lair:8   | Reached skill level 10 in Dodging
 22773 | Orc:1    | Entered Level 1 of the Orcish Mines
 22789 | Orc:1    | Noticed Urug
 22790 | Orc:1    | Reached skill level 5 in Short Blades
 22806 | Orc:1    | Killed Urug
 22854 | Orc:1    | Noticed Nergalle
 22870 | Orc:1    | Killed Nergalle
 22870 | Orc:1    | Reached skill level 21 in Stealth
 22882 | Orc:1    | Learned a level 4 spell: Animate Dead
 23158 | Orc:1    | Noticed Erolcha
 23180 | Orc:1    | Noticed an orc warlord
 23243 | Orc:1    | Killed an orc warlord
 23250 | Orc:1    | Killed Erolcha
 23263 | Orc:1    | Noticed Snorg
 23525 | Orc:1    | Killed Snorg
 23878 | Orc:2    | Entered Level 2 of the Orcish Mines
 23878 | Orc:2    | Found a staircase to the Elven Halls.
 24886 | Orc:2    | Found Olala's Jewellery Emporium.
 24886 | Orc:2    | Found Xubeff's Magic Scroll Shop.
 24888 | Orc:2    | Found Roguv's General Store.
 24890 | Orc:2    | Found Xeteucod's Antique Weapon Shoppe.
 25552 | D:13     | Found a frozen archway.
 25561 | IceCv    | Entered an ice cave
 25805 | IceCv    | Found an ancient bone altar of Kikubaaqudgha.
 25851 | IceCv    | Reached skill level 1 in Invocations
 26286 | D:13     | Found a gate to the Vaults.
 26394 | D:13     | Reached XP level 15. HP: 67/67 MP: 34/34
 27868 | D:14     | Reached skill level 22 in Stealth
 28282 | D:14     | Learned a level 4 spell: Fulminant Prism
 28325 | D:15     | Entered Level 15 of the Dungeon
 28732 | D:15     | Found a staircase to the Depths.
 29332 | D:15     | Reached skill level 1 in Evocations
 29742 | Spider:1 | Entered Level 1 of the Spider Nest
 29784 | Lair:6   | Learned a level 2 spell: Cure Poison
 30135 | Spider:1 | Reached skill level 15 in Spellcasting
 30471 | Spider:1 | Learned a level 3 spell: Recall
 30714 | Spider:2 | Noticed a ghost moth
 30717 | Spider:2 | Noticed Nikola
 30768 | Spider:2 | Noticed Louise
 31368 | Spider:1 | Killed a ghost moth
 31536 | Spider:1 | Killed Louise
 31623 | Spider:2 | Noticed Norris
 32082 | Spider:1 | Killed Norris
 32082 | Spider:1 | Reached XP level 16. HP: 48/72 MP: 21/36
 32481 | Spider:2 | Killed Nikola
 32481 | Spider:2 | Reached skill level 10 in Charms
 32796 | Spider:2 | Got a smoking long sword
 32802 | Spider:2 | Identified the +4 long sword of Asipliv {slice, MR+ Int-4 Dex+3 Stlth+} (You found it on level 2 of the Spider Nest)
 33172 | Spider:3 | Noticed Asterion
 33175 | Spider:3 | Noticed Cenon's ghost (adept VSTm)
 33176 | Spider:3 | Killed Asterion
 33176 | Spider:3 | Reached skill level 23 in Stealth
 33244 | Spider:3 | Noticed Jorgrun
 33373 | Spider:3 | Killed Jorgrun
 33420 | Spider:3 | Noticed Roxanne
 33479 | Spider:3 | Noticed Arachne
 33506 | Spider:3 | Killed Arachne
 33604 | Spider:3 | Killed Cenon's ghost
 34109 | Spider:3 | Killed Roxanne
 34119 | Spider:3 | Identified Roxanne's Grimoire of Earth (You took it off Roxanne on level 3 of the Spider Nest)
 34156 | Spider:4 | Entered Level 4 of the Spider Nest
 34341 | Spider:4 | Reached skill level 5 in Necromancy
 35135 | Spider:4 | Reached XP level 17. HP: 65/76 MP: 34/38
 35356 | Spider:4 | Got a gossamer rune of Zot
 35439 | Spider:4 | Reached skill level 24 in Stealth
 35863 | Shoals:1 | Entered Level 1 of the Shoals
 35881 | Shoals:1 | You fall through a shaft!
 36032 | Shoals:1 | Found Biyqaipy's Weapon Shoppe.
 37809 | Shoals:3 | Found Entopry's Magic Scroll Emporium.
 37818 | Shoals:3 | Bought a scroll of enchant weapon for 127 gold pieces
 37854 | Shoals:3 | Noticed a kraken
 37922 | Shoals:3 | Killed a kraken
 38380 | Shoals:4 | Entered Level 4 of the Shoals
 38852 | Shoals:4 | Noticed Ilsuiw
 38872 | Shoals:4 | Slain by a merfolk

Vault maps used:
D:1:      arrival_aquarium_a
D:2:      fiery_altar_vehumet, ecumenical_altar_1
D:4:      elyvilon_altar_5, lemuel_coloured_pillars_altar, serial_shops,
          kennysheep_little_box
D:5:      first_bread, uniq_edmund, uniq_sigmund
D:6:      kennysheep_mini_moat, temple_hall, nicolae_ru_sacrificial_ziggurat
D:7:      uniq_duvessa
D:8:      lemuel_round_altar, the_bakery, david_defended_altar_elf
D:9:      lemuel_round_altar, overflow_temple_1_default,
          guppyfry_early_elven_hall
D:10:     lair_0_dummy, minmay_crystal_room
D:11:     minmay_goldmine, uniq_fannar
D:12:     minmay_orc_entry_temple_small, serial_shops,
          nicolae_shop_overgrown_old_shop, minivault_16
D:13:     david_vaults_1, serial_ice, serial_ice_c, serial_ice_g, serial_ice_i,
          serial_ice_m, serial_ice_a, serial_ice_o, serial_ice_h,
          portal_ice_cave_entry_pillars_02, nrook_guardian_serpent_ordinary
D:14:     kennysheep_cross_room
D:15:     hangedman_depths_entry_civil_slaughter, minmay_misc_feat_hallway
Temple:   circular_temple_13
Lair:1:   grunt_forest_small_clearing_treed
Lair:2:   uniq_sonja
Lair:3:   beast_lair_carwin_5
Lair:5:   minmay_shoals_entry_centaurs, minmay_lindwurm_lava, grunt_megastairs_3
Lair:6:   dummy_spider_entry
Lair:7:   pf_torpor_hydra, infiniplex_staircase_pool_2, grunt_megastairs_1,
          uniq_kirke
Lair:8:   minmay_lair_end_enchanted_forest, slime_dummy, grunt_megastairs_2
Shoals:1: serial_shops, nicolae_shop_stone
Shoals:3: serial_shops, nicolae_shop_statue_plus
Shoals:4: shoals_end_simple, shoals_ilsuiw_alternative, uniq_ilsuiw
Spider:2: nicolae_spider_nook, uniq_nikola, uniq_louise, uniq_norris
Spider:3: hangedman_spider_mandibles, uniq_arachne, uniq_asterion, uniq_roxanne,
          uniq_jorgrun
Spider:4: guppyfry_spider_rune
Orc:1:    uniq_nergalle, uniq_erolcha, uniq_snorg, uniq_urug
Orc:2:    st_orc_rangers, roderic_batcave
IceCv:    ice_cave_small_necro

Skill      XL: |  1  2  3  4  5  6  7  8  9 10 11 12 13 14 15 16 17 |
---------------+----------------------------------------------------+-----
Spellcasting   | 3 4 6 7 8 10 11 12 14 15 16 17 | 17.5
Hexes          | 4 5 6 7 8 9 10 11 12 13 14 | 14.8
Stealth        | 5 6 7 8 9 11 13 15 17 19 20 21 22 23 24 | 24.4
Dodging        | 4 5 6 7 8 9 10 11 12 13 | 13.2
Ice Magic      | 1 2 3 4 5 6 |  6.8
Short Blades   | 2 3 4 5 6 |  6.8
Fighting       | 1 2 3 |  3.5
Shields        | 1 2 3 |  3.9
Translocations | 4 6 7 |  7.4
Charms         | 5 8 9 10 | 10.4
Necromancy     | 2 3 4 5 6 |  6.0
Invocations    | 2 3 |  3.2
Evocations     | 2 3 |  3.0
Conjurations   | |  0.2
Summonings     | |  0.8

Action                   |  1- 3 |  4- 6 |  7- 9 | 10-12 | 13-15 | 16-18 || total
-------------------------+-------+-------+-------+-------+-------+-------++-------
Melee: Dagger            |   101 |    67 |   176 |   320 |   938 |   411 ||  2013
       Short sword       |       |       |       |    30 |       |       ||    30
       Rapier            |       |       |       |       |       |    48 ||    48
 Cast: Corona            |    18 |       |       |       |       |       ||    18
       Ensorcelled Hiber |    20 |    38 |    45 |   106 |   281 |    60 ||   550
       Confuse           |     4 |    12 |    27 |    52 |   145 |   111 ||   351
       Tukima's Dance    |       |       |     3 |     8 |    63 |    29 ||   103
       Shroud of Golubri |       |       |       |     7 |    28 |     7 ||    42
       Metabolic Englaci |       |       |       |     4 |    11 |     4 ||    19
       Blink             |       |       |       |       |     3 |     3 ||     6
       Regeneration      |       |       |       |       |    28 |    23 ||    51
       Animate Dead      |       |       |       |       |    29 |    61 ||    90
       Fulminant Prism   |       |       |       |       |    12 |    12 ||    24
       Recall            |       |       |       |       |     1 |    13 ||    14
       Cure Poison       |       |       |       |       |       |     1 ||     1
Invok: Shadow Step       |       |       |       |     1 |    15 |    10 ||    26
Evoke: Wand              |       |       |       |       |    20 |    24 ||    44
  Use: Scroll            |       |     7 |     5 |     9 |    27 |    13 ||    61
       Potion            |       |       |       |    15 |    10 |     4 ||    29
 Stab: Sleeping          |    21 |    36 |    56 |   162 |   326 |    90 ||   691
       Confused          |     2 |     5 |    20 |    34 |    63 |    44 ||   168
       Distracted        |       |       |       |     2 |     5 |     3 ||    10
  Eat: Bread ration      |     1 |       |       |     1 |     3 |     1 ||     6
       Pizza             |       |       |     2 |     1 |     2 |       ||     5
       Fruit             |       |       |     1 |     1 |     2 |     1 ||     5
